TOP OF THE 1ST |
University of Florida Gators batting - Pitching for Oregon State University Beavers : LHP Gil Guzman
|
Pitching: LHP Gil Guzman
|
|
Batting: RHB Jiao-long Zhào
|
0-0: Ball 1-0: Called Strike 1-1: Ball 2-1: Foul Ball, location: 2F 2-2: Ground out 4-3 (Groundball, 4, EV 93.8 MPH)
|
Batting: SHB Tokuichi Ishida
|
0-0: Ground out U3 (Groundball, 34S, EV 69.4 MPH)
|
Batting: RHB Gong-sun Law
|
0-0: Swinging Strike 0-1: Swinging Strike 0-2: Ball 1-2: Ball 2-2: Ball 3-2: Strikes out looking
|
Top of the 1st over - 0 runs, 0 hits, 0 errors, 0 left on base; University of Florida 0 - Oregon State University 0 |
BOTTOM OF THE 1ST |
Oregon State University Beavers batting - Pitching for University of Florida Gators : RHP Elliot Gallagher
|
Pitching: RHP Elliot Gallagher
|
|
Batting: RHB Lionello Pancaldi
|
0-0: Called Strike 0-1: Called Strike 0-2: Ball 1-2: Strikes out swinging
|
Batting: RHB Israel Soto
|
0-0: Ball 1-0: Fly out, F8 (Flyball, 8RD, EV 98.1 MPH)
|
Batting: RHB Luis Flores
|
0-0: Fly out, F4 (Popup, 34, EV 73.1 MPH)
|
Bottom of the 1st over - 0 runs, 0 hits, 0 errors, 0 left on base; University of Florida 0 - Oregon State University 0 |
TOP OF THE 2ND |
University of Florida Gators batting - Pitching for Oregon State University Beavers : LHP Gil Guzman
|
Batting: RHB Lião Weishampt
|
0-0: Called Strike 0-1: Ball 1-1: Foul Ball, location: 2F 1-2: Ball 2-2: Fly out, F8 (Line Drive, 78M, EV 105.0 MPH)
|
Batting: LHB Roy Davies
|
0-0: Called Strike 0-1: Ball 1-1: SINGLE (Line Drive, 4M, EV 94.4 MPH)
|
Batting: SHB Pat Justice
|
0-0: Foul Ball, location: 2F 0-1: Fly out, F3 (Popup, 34S, EV 68.8 MPH)
|
Batting: LHB Dave Newsome
|
0-0: Called Strike 0-1: Ball 1-1: Ball 2-1: Foul Ball, location: 2F 2-2: Foul Ball, location: 2F 2-2: Strikes out looking
|
Top of the 2nd over - 0 runs, 1 hit, 0 errors, 1 left on base; University of Florida 0 - Oregon State University 0 |
BOTTOM OF THE 2ND |
Oregon State University Beavers batting - Pitching for University of Florida Gators : RHP Elliot Gallagher
|
Batting: RHB Rafael Ventura
|
0-0: Called Strike 0-1: Swinging Strike 0-2: Ball 1-2: Strikes out swinging
|
Batting: SHB Jim Chute
|
0-0: Ball 1-0: Ground out 6-3 (Groundball, 6S, EV 87.5 MPH)
|
Batting: LHB Jon Hamilton
|
0-0: Ball 1-0: Ball 2-0: Ball 3-0: Called Strike 3-1: Foul Ball, location: 2F 3-2: Strikes out swinging
|
Bottom of the 2nd over - 0 runs, 0 hits, 0 errors, 0 left on base; University of Florida 0 - Oregon State University 0 |
TOP OF THE 3RD |
University of Florida Gators batting - Pitching for Oregon State University Beavers : LHP Gil Guzman
|
Batting: RHB Juan Lopez
|
0-0: Foul Ball, location: 2F 0-1: Ball 1-1: Called Strike 1-2: Ball 2-2: Strikes out swinging
|
Batting: RHB Vince Trussell
|
0-0: Ball 1-0: Called Strike 1-1: Swinging Strike 1-2: Foul Ball, location: 2F 1-2: Strikes out swinging
|
Batting: RHB Jiao-long Zhào
|
0-0: Swinging Strike 0-1: Reached on error, E6 (Groundball, 6, EV 86.9 MPH)
|
Batting: SHB Tokuichi Ishida
|
0-0: Called Strike 0-1: Called Strike 0-2: Ball 1-2: Ball 2-2: Ball 3-2: Fly out, F9 (Flyball, 9, EV 96.2 MPH)
|
Top of the 3rd over - 0 runs, 0 hits, 1 error, 1 left on base; University of Florida 0 - Oregon State University 0 |
BOTTOM OF THE 3RD |
Oregon State University Beavers batting - Pitching for University of Florida Gators : RHP Elliot Gallagher
|
Batting: LHB Pablo Fraga
|
0-0: Ball 1-0: Fly out, F9 (Line Drive, 9, EV 94.4 MPH)
|
Batting: LHB Jason Trevarrow
|
0-0: Ball 1-0: Foul Ball, location: 2F 1-1: Foul Ball, location: 2F 1-2: Strikes out looking
|
Batting: RHB Kyle McCunn
|
0-0: Ball 1-0: Ground out 6-3 (Groundball, 6, EV 86.9 MPH)
|
Bottom of the 3rd over - 0 runs, 0 hits, 0 errors, 0 left on base; University of Florida 0 - Oregon State University 0 |
TOP OF THE 4TH |
University of Florida Gators batting - Pitching for Oregon State University Beavers : LHP Gil Guzman
|
Batting: RHB Gong-sun Law
|
0-0: DOUBLE (Line Drive, 5D, EV 102.5 MPH)
|
Batting: RHB Lião Weishampt
|
0-0: Called Strike 0-1: Fly out, F8 (Flyball, 8RM, EV 90.0 MPH)
|
Batting: LHB Roy Davies
|
0-0: Called Strike 0-1: Ball 1-1: Ground out 4-3 (Groundball, 4D, EV 100.6 MPH) Gong-sun Law to third
|
Batting: SHB Pat Justice
|
0-0: Ball 1-0: Foul Ball, location: 2F 1-1: Ball 2-1: Called Strike 2-2: Strikes out looking
|
Top of the 4th over - 0 runs, 1 hit, 0 errors, 1 left on base; University of Florida 0 - Oregon State University 0 |
BOTTOM OF THE 4TH |
Oregon State University Beavers batting - Pitching for University of Florida Gators : RHP Elliot Gallagher
|
Batting: RHB Lionello Pancaldi
|
0-0: Foul Ball, location: 2F 0-1: Foul Ball, location: 2F 0-2: Ball 1-2: Ball 2-2: Ball 3-2: Base on Balls
|
Batting: RHB Israel Soto
|
0-0: Grounds into double play, 4-6-3 (Groundball, 34, EV 80.0 MPH)
|
Batting: RHB Luis Flores
|
0-0: Fly out, F7 (Flyball, 7LS, EV 96.2 MPH)
|
Bottom of the 4th over - 0 runs, 0 hits, 0 errors, 0 left on base; University of Florida 0 - Oregon State University 0 |
TOP OF THE 5TH |
University of Florida Gators batting - Pitching for Oregon State University Beavers : LHP Gil Guzman
|
Batting: LHB Dave Newsome
|
0-0: Foul Ball, location: 2F 0-1: Fly out, F8 (Flyball, 8LXD, EV 100.0 MPH)
|
Batting: RHB Juan Lopez
|
0-0: Reached on error, E6 (Groundball, 6, EV 86.2 MPH)
|
Batting: RHB Vince Trussell
|
0-0: Foul Ball, location: 2F 0-1: Called Strike 0-2: Ball 1-2: Ball 2-2: Ball 3-2: Foul Ball, location: 2F 3-2: Strikes out swinging
|
Batting: RHB Jiao-long Zhào
|
0-0: Called Strike 0-1: DOUBLE (Line Drive, 9LM, EV 95.6 MPH) Juan Lopez to third
|
Batting: SHB Tokuichi Ishida
|
0-0: Ball 1-0: Ball 2-0: SINGLE (Groundball, 6S, EV 62.5 MPH) (infield hit) Juan Lopez scores Jiao-long Zhào to third
|
Batting: RHB Gong-sun Law
|
0-0: Fielders Choice at 2nd, 5-4 (Groundball, 56, EV 80.6 MPH)
|
Top of the 5th over - 1 run, 2 hits, 1 error, 2 left on base; University of Florida 1 - Oregon State University 0 |
BOTTOM OF THE 5TH |
Oregon State University Beavers batting - Pitching for University of Florida Gators : RHP Elliot Gallagher
|
Batting: RHB Rafael Ventura
|
0-0: Ball 1-0: Called Strike 1-1: Ball 2-1: Foul Ball, location: 2F 2-2: Ball 3-2: Foul Ball, location: 2F 3-2: Base on Balls
|
Batting: SHB Jim Chute
|
0-0: Called Strike 0-1: Ball 1-1: Swinging Strike 1-2: Foul Ball, location: 2F 1-2: Ball 2-2: SINGLE (Groundball, 4MD, EV 105.0 MPH) Rafael Ventura to second
|
Batting: LHB Jon Hamilton
|
0-0: Called Strike 0-1: Foul Ball, location: 2F 0-2: Foul Ball, location: 2F 0-2: Fly out, F7 (Flyball, 78M, EV 95.0 MPH)
|
Batting: LHB Pablo Fraga
|
0-0: SINGLE (Line Drive, 6M, EV 105.0 MPH) Rafael Ventura to third Jim Chute to second
|
Batting: LHB Jason Trevarrow
|
0-0: Foul Ball, location: 2F 0-1: Ball 1-1: Foul Ball, location: 2F 1-2: Fly out, F8 (Flyball, 8LXD, EV 87.5 MPH) Runner from 3rd tags up, SCORES, no throw by CF
|
Batting: RHB Kyle McCunn
|
0-0: Ball 1-0: Foul Ball, location: 2F 1-1: Ball 2-1: Ball 3-1: Foul Ball, location: 2F 3-2: Foul Ball, location: 2F 3-2: Base on Balls Jim Chute to third Pablo Fraga to second
|
Batting: RHB Lionello Pancaldi
|
0-0: Called Strike 0-1: DOUBLE (Line Drive, 7LS, EV 107.5 MPH) Jim Chute scores Pablo Fraga scores Kyle McCunn to third Runner from 3rd tries for Home, throw by LF and OUT! 7-6-2
|
Bottom of the 5th over - 3 runs, 3 hits, 0 errors, 1 left on base; University of Florida 1 - Oregon State University 3 |
TOP OF THE 6TH |
University of Florida Gators batting - Pitching for Oregon State University Beavers : LHP Gil Guzman
|
Batting: RHB Lião Weishampt
|
0-0: Called Strike 0-1: Ball 1-1: Foul Ball, location: 2F 1-2: Ball 2-2: Fly out, F7 (Flyball, 7, EV 98.1 MPH)
|
Pitching: LHP Cody Martin
|
|
Batting: LHB Roy Davies
|
0-0: Ball 1-0: Foul Ball, location: 2F 1-1: Foul Ball, location: 2F 1-2: Ground out 5-3 (Groundball, 56, EV 85.0 MPH)
|
Batting: SHB Pat Justice
|
0-0: Ball 1-0: Ball 2-0: Called Strike 2-1: Ground out 1-3 (Groundball, P, EV 71.9 MPH)
|
Top of the 6th over - 0 runs, 0 hits, 0 errors, 0 left on base; University of Florida 1 - Oregon State University 3 |
BOTTOM OF THE 6TH |
Oregon State University Beavers batting - Pitching for University of Florida Gators : RHP Elliot Gallagher
|
Batting: RHB Israel Soto
|
0-0: Ball 1-0: Ball 2-0: Ball 3-0: Base on Balls
|
Batting: RHB Luis Flores
|
0-0: Fielders Choice at 2nd, 6-4 (Groundball, 6D, EV 108.1 MPH)
|
Batting: RHB Rafael Ventura
|
0-0: Foul Ball, location: 2F 0-1: Ball 1-1: Ground out 4-3 (Groundball, 34, EV 83.1 MPH) Luis Flores to second
|
Batting: SHB Jim Chute
|
0-0: Ball 1-0: Ball 2-0: Foul Ball, location: 2F 2-1: Foul Ball, location: 2F 2-2: Fly out, F7 (Flyball, 7S, EV 80.0 MPH)
|
Bottom of the 6th over - 0 runs, 0 hits, 0 errors, 1 left on base; University of Florida 1 - Oregon State University 3 |
TOP OF THE 7TH |
University of Florida Gators batting - Pitching for Oregon State University Beavers : LHP Cody Martin
|
Batting: LHB Dave Newsome
|
0-0: Ball 1-0: Called Strike 1-1: Swinging Strike 1-2: Strikes out swinging
|
Batting: RHB Juan Lopez
|
0-0: Called Strike 0-1: Swinging Strike 0-2: Reached on error, E5 (Groundball, 56S, EV 93.1 MPH)
|
Batting: RHB Vince Trussell
|
0-0: Called Strike 0-1: Ball 1-1: Called Strike 1-2: Fly out, F7 (Flyball, 78M, EV 98.8 MPH)
|
Batting: RHB Jiao-long Zhào
|
0-0: Swinging Strike 0-1: Foul Ball, location: 2F 0-2: Ball 1-2: Ground out 1-3 (Groundball, 15, EV 72.5 MPH)
|
Top of the 7th over - 0 runs, 0 hits, 1 error, 1 left on base; University of Florida 1 - Oregon State University 3 |
BOTTOM OF THE 7TH |
Oregon State University Beavers batting - Pitching for University of Florida Gators : RHP Elliot Gallagher
|
Batting: LHB Jon Hamilton
|
0-0: Fly out, F8 (Flyball, 8RS, EV 81.2 MPH)
|
Batting: LHB Pablo Fraga
|
0-0: Ground out 2-3 (Groundball, 15S, EV 66.9 MPH)
|
Batting: LHB Jason Trevarrow
|
0-0: Called Strike 0-1: Ball 1-1: Called Strike 1-2: Foul Ball, location: 2F 1-2: Strikes out swinging
|
Bottom of the 7th over - 0 runs, 0 hits, 0 errors, 0 left on base; University of Florida 1 - Oregon State University 3 |
TOP OF THE 8TH |
University of Florida Gators batting - Pitching for Oregon State University Beavers : LHP Cody Martin
|
Batting: SHB Tokuichi Ishida
|
0-0: Called Strike 0-1: Ball 1-1: Ball 2-1: Foul Ball, location: 2F 2-2: Ball 3-2: Base on Balls
|
Batting: RHB Gong-sun Law
|
0-0: Ball 1-0: Swinging Strike 1-1: Ball 2-1: Foul Ball, location: 2F 2-2: Fly out, F2 (Popup, 2LF, EV 90.6 MPH)
|
Batting: RHB Lião Weishampt
|
0-0: Ball Wild Pitch! Tokuichi Ishida to second 1-0: Called Strike 1-1: Ball 2-1: Swinging Strike 2-2: Foul Ball, location: 2F 2-2: Strikes out swinging, 2-3 out at first.
|
Batting: SHB Nelson Carachure
|
0-0: Foul Ball, location: 2F 0-1: Foul Ball, location: 2F 0-2: Ball 1-2: Ball 2-2: Ball 3-2: Foul Ball, location: 2F 3-2: Foul Ball, location: 2F 3-2: Fly out, F8 (Flyball, 89M, EV 79.4 MPH)
|
Top of the 8th over - 0 runs, 0 hits, 0 errors, 1 left on base; University of Florida 1 - Oregon State University 3 |
BOTTOM OF THE 8TH |
Oregon State University Beavers batting - Pitching for University of Florida Gators : RHP Elliot Gallagher
|
Batting: RHB Kyle McCunn
|
0-0: Ball 1-0: TRIPLE (Flyball, 78XD, EV 101.2 MPH)
|
Batting: RHB Lionello Pancaldi
|
0-0: Swinging Strike 0-1: Ball 1-1: Called Strike 1-2: 2-RUN HOME RUN (Line Drive, 9D, EV 101.2 MPH), Distance : 378 ft
|
Pitching: RHP Dave Ross
|
|
Batting: RHB Israel Soto
|
0-0: Called Strike 0-1: Ground out 1-4-3 (Groundball, 15S, EV 99.4 MPH)
|
Batting: RHB Luis Flores
|
0-0: Ball 1-0: Swinging Strike 1-1: Foul Ball, location: 2F 1-2: Ground out 6-3 (Groundball, 6, EV 84.4 MPH)
|
Batting: RHB Rafael Ventura
|
0-0: Called Strike 0-1: Ball 1-1: DOUBLE (Line Drive, 3D, EV 102.5 MPH)
|
Batting: SHB Jim Chute
|
0-0: Called Strike 0-1: SINGLE (Groundball, 3D, EV 97.5 MPH) Rafael Ventura to third Runner from 3rd tries for Home, SAFE, throw by RF to home
|
Batting: LHB Jon Hamilton
|
0-0: Ball 1-0: Called Strike 1-1: Foul Ball, location: 2F 1-2: Ball 2-2: Ball 3-2: SINGLE (Flyball, 4D, EV 82.5 MPH) Jim Chute to second Jim Chute to third
|
Batting: LHB Pablo Fraga
|
0-0: Fielders Choice at 2nd, 6-4 (Groundball, 56, EV 103.8 MPH)
|
Bottom of the 8th over - 3 runs, 5 hits, 0 errors, 2 left on base; University of Florida 1 - Oregon State University 6 |
TOP OF THE 9TH |
University of Florida Gators batting - Pitching for Oregon State University Beavers : LHP Cody Martin
|
Batting: SHB Pat Justice
|
0-0: Ball 1-0: Ball 2-0: Reached on error, E6 (Groundball, 6MD, EV 101.9 MPH)
|
Pitching: LHP Yin-reng Deng
|
|
Batting: LHB Dave Newsome
|
0-0: Ball 1-0: SINGLE (Groundball, 56D, EV 95.0 MPH) Pat Justice to third
|
Batting: RHB Juan Lopez
|
0-0: Ball 1-0: Called Strike 1-1: Foul Ball, location: 2F 1-2: Ball 2-2: SINGLE (Groundball, 4D, EV 94.4 MPH) Pat Justice scores Dave Newsome to second
|
Pitching: RHP Wang-fen Ang
|
|
Pinch Hitting: SHB Michael Medina
|
0-0: Swinging Strike 0-1: Ball 1-1: Called Strike 1-2: Ball 2-2: Foul Ball, location: 2F 2-2: Ball 3-2: Strikes out swinging
|
Batting: RHB Jiao-long Zhào
|
0-0: Ball 1-0: Called Strike 1-1: TRIPLE (Flyball, 89XD, EV 108.8 MPH) Dave Newsome scores Juan Lopez scores
|
Batting: SHB Tokuichi Ishida
|
0-0: Foul Ball, location: 2F 0-1: Ball 1-1: Swinging Strike 1-2: Ball 2-2: Strikes out looking
|
Batting: RHB Gong-sun Law
|
0-0: Called Strike 0-1: Called Strike 0-2: Strikes out swinging
|
Top of the 9th over - 3 runs, 3 hits, 1 error, 1 left on base; University of Florida 4 - Oregon State University 6 |
|